 Dungeon Crawl Stone Soup version 0.29-a0-923-g6e406bff71 (webtiles) character file.

Game seed: 4354706240640916930

17 Iscandelvey the Vexing (level 2, 21/21 HPs)
             Began as a Demonspawn Arcane Marksman on July 27, 2022.
             Quit the game on level 1 of the Dungeon.
             The game lasted 00:01:59 (730 turns).

Iscandelvey the Vexing (Demonspawn Arcane Marksman)  Turns: 730, Time: 00:02:00

Health: 21/21      AC:  2    Str: 10    XL:     2   Next: 44%
Magic:  3/3        EV: 12    Int: 14    God:
Gold:   57         SH:  0    Dex: 13    Spells: 2/3 levels left

rFire   . . .      SeeInvis .   a - +1 sling
rCold   . . .      Faith    .   (no shield)
rNeg    . . .      Spirit   .   c - +0 robe
rPois   .          Reflect  .   (helmet restricted)
rElec   .          Harm     .   (no cloak)
rCorr   .          Rampage  .   (no gloves)
Will    .....                   (no boots)
Stlth   +.........              (no amulet)
HPRegen 0.07/turn               (no ring)
MPRegen 0.08/turn               (no ring)

@: no status effects
A: antennae 1
a: no special abilities


You were on level 1 of the Dungeon.
You visited 1 branch of the dungeon, and saw 1 of its levels.

You collected 57 gold pieces.

Inventory:

Hand Weapons
 a - a +1 sling (weapon)
 f - a +0 short sword
Missiles
 g - 8 stones
 h - 6 poisoned darts
Armour
 c - a +0 robe (worn)
 l - a +0 helmet
Scrolls
 b - a scroll of vulnerability
 d - 2 scrolls of teleportation {unknown}
 e - a scroll of identify {unknown}
 k - a scroll of magic mapping {unknown}
Potions
 i - 3 potions of curing {unknown}
 j - 2 potions of attraction {unknown}


   Skills:
 - Level 1.0 Fighting
 + Level 2.0 Ranged Weapons
 + Level 0.5 Armour
 + Level 2.0 Dodging
 + Level 0.5 Stealth
 + Level 1.2 Spellcasting
 + Level 3.1 Hexes


You had 2 spell levels left.
You knew the following spells:

 Your Spells              Type           Power      Damage    Failure   Level
a - Slow                  Hex            36%        N/A       7%          1

Your spell library contained the following spells:

 Spells                   Type           Power      Damage    Failure   Level
 Inner Flame              Hex/Fire       5%         N/A       38%         3
 Portal Projectile        Hex/Tloc       10%        N/A       38%         3
 Cause Fear               Hex            4%         N/A       56%         4


Dungeon Overview and Level Annotations

Branches:
Dungeon (1/15)

Altars:


Innate Abilities, Weirdness & Mutations

You have a pair of small antennae on your head.


Message History

You shoot a sling bullet. The sling bullet hits the hobgoblin.
The hobgoblin is almost dead.
The hobgoblin completely misses you. The hobgoblin hits you.
You shoot a sling bullet.
The sling bullet hits the hobgoblin but does no damage.
The hobgoblin is almost dead.
The hobgoblin barely misses you.
You shoot a sling bullet.
The sling bullet barely misses the hobgoblin.
The hobgoblin hits you.
You shoot a sling bullet.
The sling bullet closely misses the hobgoblin.
The hobgoblin closely misses you.
You shoot a sling bullet.
The sling bullet closely misses the hobgoblin.
The hobgoblin closely misses you. The hobgoblin misses you.
You shoot a sling bullet.
The sling bullet closely misses the hobgoblin.
The hobgoblin closely misses you.
You shoot a sling bullet.
The sling bullet closely misses the hobgoblin.
The hobgoblin hits you but does no damage.
You shoot a sling bullet.
The sling bullet barely misses the hobgoblin.
The hobgoblin closely misses you. The hobgoblin barely misses you.
You shoot a sling bullet.
The sling bullet closely misses the hobgoblin.
The hobgoblin barely misses you.
You shoot a sling bullet. The sling bullet hits the hobgoblin.
You kill the hobgoblin!
No target in view!
Found a stone staircase leading down.
You now have 57 gold pieces (gained 9).
A kobold comes into view. It is wielding a +0 club.
Welcome back, Iscandelvey the Demonspawn Arcane Marksman.
Press ? for a list of commands and other information.
You see here a +0 helmet.
l - a +0 helmet
Okay, then.
Are you sure you want to abandon this character and quit the game? (Confirm with "yes".)

#####################
#.................... ######
#.................... #....###.#
######.#.#####..# +......#.#
#.#.# #..# #....#.#.# #.#.# #..#
#....#.#.########.#.# #..#
.##....#.#...@...##.#.#####..#
...............................
...#######.#..####.##.#.........
K. #.#..# #.##.#........# .
#.#..# #.##.#...####.#
#######.#..####.............#
........#..............###...
..#######.##.####....###.# #..#
..........##.####.##.###.# #..#


There were no monsters in sight!

Vanquished Creatures
  3 endoplasms (D:1)
  3 giant cockroaches (D:1)
  3 hobgoblins (D:1)
  5 ball pythons (D:1)
14 creatures vanquished.

Notes
Turn   | Place    | Note
-------+----------+-------------------------------------------
     0 | D:1      | Iscandelvey the Demonspawn Arcane Marksman began the quest
                  | for the Orb.
     0 | D:1      | Reached XP level 1. HP: 15/15 MP: 2/2
   121 | D:1      | Gained mutation: You have a pair of small antennae on your
                  | head. [demonic ancestry]
   121 | D:1      | Reached XP level 2. HP: 21/21 MP: 3/3
   730 | D:1      | Quit the game

Illustrated notes

Levels and vault maps discovered:
D:1:      minmay_arrival_checkered_box, layout_basic, serial_shops,
          nicolae_lakefront_shop, minmay_tetromino_t4

Skill      XL: |  1  2 |
---------------+-------+-----
Ranged Weapons | 2 |  2.0
Dodging        | 2 |  2.0
Fighting       | |  1.0
Armour         | |  0.5
Stealth        | |  0.5
Spellcasting   | |  1.2
Hexes          | |  3.1

Action                   || total
-------------------------++-------
 Fire: Sling             ||    62
Armor: Robe              ||     4
Dodge: Dodged            ||    25

Table legend: (Time is in decaauts)
 A = Elapsed time spent in this place.
 B = Non-inter-level travel time spent in this place.
 C = Inter-level travel time spent in this place.
 D = Time resting spent in this place.
 E = Time spent auto-exploring this place.
 F = Levels seen in this place.
 G = Mean time per level.
                   A        B        C        D        E       F      G
               +--------+--------+--------+--------+--------+-----+--------+
         Total |    748 |    711 |     37 |      0 |    586 |   1 |  748.0 |
       Dungeon |    748 |    711 |     37 |      0 |    586 |   1 |  748.0 |
               +--------+--------+--------+--------+--------+-----+--------+

Top non-repeatable levels by time:
     D:1: 748 daAuts
